Map: Lost and Found LE

Players

LiquidMaNa (MaNa)

  • Race: Protoss Protoss
  • League: Grandmaster
  • Spawn Location: 1:00

Namshar - Winner!

  • Race: Zerg Zerg
  • League: Grandmaster
  • Spawn Location: 7:00

Event: HomeStory Cup XVII

VOD

Have the link to the VOD?

Description

Time

  • Played on: June 28, 2018, 4:58 p.m.
  • Length: 22:11

All games in this series

Show
View Real Time Build Order
Export as new Build Order

LiquidMaNa Protoss 

Build Orders: 1 Gate Expand, Oracle Opening, Phoenix Opening, Archon Immortal, Zealot Archon, Archon Drop 

Get SALT Encoding   

  12  0:00  Probe  
  13  0:12  Probe  
  14  0:17  Pylon  
  14  0:24  Probe  
  15  0:32  Probe  
  15  0:37  Assimilator  
  15  0:40  Probe  
  17  0:51  Gateway, Probe  
  18  0:59  Pylon  
  18  1:00  Probe  
  19  1:08  Probe  
  20  1:26  Probe  
  21  1:33  Nexus  
  21  1:40  Cybernetics Core  
  21  1:42  Probe  
  22  1:49  Assimilator  
  22  1:56  Pylon  
  22  1:57  Probe  
  23  2:10  Probe  
  24  2:16  Adept  
  24  2:18  Warp Gate  
  24  2:19  Probe  
  26  2:28  Probe  
  27  2:33  Pylon  
  27  2:36  Adept  
  27  2:38  Stargate  
  27  2:40  Probe  
  30  2:47  Probe  
  31  2:52  Probe  
  32  2:58  Probe  
  32  3:00  Adept  
  32  3:04  Probe  
  36  3:06  Probe  
  37  3:14  Probe  
  37  3:17  Probe  
  39  3:22  Oracle  
  39  3:23  Gateway  
  39  3:25  Probe  
  43  3:29  Probe, Pylon  
  43  3:32  Assimilator  
  44  3:35  Assimilator  
  44  3:38  Probe  
  44  3:41  Probe  
  46  3:45  Robotics Facility  
  46  3:50  Probe  
  46  3:51  Phoenix  
  46  3:53  Probe  
  48  4:02  Probe  
  51  4:05  Probe  
  51  4:06  Twilight Council  
  51  4:09  Pylon  
  52  4:14  Probe  
  53  4:17  Probe  
  54  4:32  Warp Prism  
  54  4:35  Gateway  
  54  4:36  Gateway  
  56  4:42  Templar Archives  
  56  4:44  Probe, Charge  
  56  4:45  Probe  
  58  4:54  Pylon  
  58  5:01  Nexus  
  58  5:16  Shield Battery, Zealot  
  58  5:17  Zealot  
  62  5:32  High Templar x2  
  66  5:36  Gateway  
  66  5:37  Pylon  
  66  5:38  Gateway, High Templar x2  
  66  5:39  Gateway  
  70  5:42  Shield Battery  
  70  5:43  Archon x2  
  70  5:55  Probe x2  
  72  6:01  Immortal  
  72  6:07  Probe x2  
  72  6:09  Pylon  
  76  6:13  Sentry  
  76  6:16  Zealot, Pylon  
  76  6:17  Zealot  
  82  6:20  Probe  
  82  6:24  Zealot  
  81  6:35  Pylon  
  81  6:37  High Templar x2  
  81  6:38  Probe, Zealot  
  88  6:40  Immortal  
  88  6:43  Zealot x2  
  96  6:48  Archon  
  96  6:54  Probe x3  
  99  7:04  Zealot  
  99  7:05  Zealot x4  
  99  7:08  Pylon  
  109  7:09  Pylon  
  109  7:28  Zealot x2  
  109  7:29  Zealot x3  
  101  7:50  Zealot x7  
  101  7:52  Immortal  
  99  7:58  Probe  
  99  7:59  Probe  
  99  8:04  Probe  
  100  8:05  Assimilator  
  100  8:07  Assimilator, Forge  
  100  8:11  Probe x2  
  92  8:14  Sentry x2  
  92  8:15  High Templar  
  92  8:16  High Templar x4  
  92  8:18  Probe  
  103  8:23  Probe x2  
  105  8:28  Archon x2  
  105  8:30  Probe  
  105  8:31  Immortal  
  110  8:38  Protoss Ground Weapons Level 1  
  108  8:43  Zealot x2  
  96  8:52  High Templar  
  96  8:53  High Templar, Zealot x3  
  96  8:54  Probe x2  
  106  8:58  Probe  
  106  8:59  Psionic Storm  
  106  9:00  Forge  
  107  9:06  Probe x2  
  107  9:07  Phoenix  
  111  9:10  Probe  
  112  9:17  Nexus  
  112  9:19  Probe x2  
  112  9:22  Probe, Pylon  
  115  9:28  Immortal  
  109  9:46  High Templar x3  
  115  9:53  High Templar  
  115  9:55  Immortal  
  115  9:57  Photon Cannon  
  115  9:59  Photon Cannon  
  117  10:01  Pylon  
  117  10:04  Robotics Facility  
  114  10:07  Photon Cannon x2  
  114  10:08  Sentry  
  114  10:09  Shield Battery, Zealot  
  122  10:16  Protoss Ground Armor Level 1  
  122  10:23  Robotics Facility  
  122  10:27  Zealot x5  
  132  10:31  Immortal, Oracle  
  135  10:36  Probe x2  
  135  10:39  Probe x2  
  143  10:46  Observer  
  143  10:48  Probe  
  144  10:50  Probe  
  144  10:51  Protoss Ground Weapons Level 2, Probe  
  147  11:00  Assimilator  
  147  11:03  Assimilator  
  147  11:05  Shield Battery, Pylon  
  147  11:06  Probe  
  147  11:07  Immortal, Probe x2  
  147  11:09  Observer  
  155  11:17  Pylon  
  155  11:23  Immortal  
  157  11:33  Zealot x2  
  157  11:34  Zealot  
  157  11:38  Zealot x4  
  154  11:51  Immortal x2  
  151  11:54  Zealot x2  
  151  11:59  Zealot x4  
  149  12:04  Protoss Ground Armor Level 2  
  149  12:05  Archon  
  149  12:07  Immortal  
  120  12:16  Probe x3  
  120  12:17  Probe  
  117  12:23  Immortal x2  
  117  12:24  High Templar x2  
  117  12:25  High Templar x2  
  117  12:27  Zealot  
  119  12:37  Immortal, Probe x3  
  119  12:49  High Templar  
  125  12:58  Photon Cannon, Probe x3, Observer  
  127  12:59  Shield Battery, Observer  
  127  13:01  Blink  
  127  13:03  Sentry x2  
  134  13:10  High Templar x2  
  138  13:15  Gateway, Warp Prism  
  138  13:16  Gateway  
  140  13:33  Zealot x3  
  125  13:46  Zealot x2  
  103  13:49  Archon  
  103  13:50  Immortal  
  103  13:51  Immortal  
  103  13:53  High Templar x3  
  108  14:06  High Templar  
  108  14:07  High Templar  
  112  14:14  Immortal  
  116  14:21  Observer x2  
  116  14:30  Immortal  
  120  14:37  High Templar x3  
  122  14:39  Zealot x4  
  122  14:44  Archon  
  130  14:48  Immortal  
  130  14:56  Warp Prism  
  126  15:00  High Templar x2  
  126  15:01  Zealot x2  
  134  15:09  Archon  
  134  15:13  Warp Prism  
  136  15:27  Stalker x5  
  142  15:38  Pylon  
  142  15:41  Zealot x2  
  146  15:53  Pylon  
  146  15:54  Pylon  
  142  16:09  High Templar x4  
  142  16:10  Zealot x2  
  154  16:13  Archon x2  
  154  16:15  Zealot  
  154  16:18  Observer x2  
  154  16:21  Nexus  
  152  16:38  Zealot x3  
  150  16:42  Zealot  
  150  16:43  Zealot x3  
  155  16:58  Zealot  
  132  17:10  Observer  
  132  17:14  High Templar x3  
  132  17:15  High Templar  
  135  17:18  Archon  
  135  17:19  Archon  
  111  17:36  Zealot  
  84  18:00  Zealot x4  
  83  18:16  Cybernetics Core  
  57  18:55  Void Ray  
  55  19:04  Stalker x2  
  63  19:30  Stalker  
  65  19:44  Stalker  
  25  20:41  Stalker x2  
  25  20:57  Stalker x2  
  25  21:01  Probe x2  
  29  21:14  Stalker  
  31  21:19  Stalker  
  23  21:42  Stalker  
  23  21:43  Stalker  
  26  22:08  Stalker x2  
Show
View Real Time Build Order
Export as new Build Order

Namshar Zerg - Winner!

Build Orders: Hatch First, Lurkers, Roach Hydra 

Get SALT Encoding   

  12  0:00  Drone  
  13  0:12  Overlord  
  13  0:16  Drone  
  14  0:30  Drone x2  
  14  0:34  Drone  
  17  0:51  Hatchery  
  17  0:54  Drone  
  17  0:57  Drone  
  18  1:08  Extractor  
  17  1:12  Spawning Pool  
  17  1:15  Drone  
  17  1:18  Drone  
  18  1:28  Drone  
  19  1:39  Drone  
  20  1:50  Overlord  
  20  1:58  Queen  
  22  2:02  Queen  
  22  2:03  Zergling x4  
  22  2:08  Metabolic Boost  
  26  2:11  Drone  
  26  2:14  Drone  
  28  2:21  Drone  
  29  2:25  Drone  
  30  2:38  Queen  
  30  2:42  Hatchery  
  30  2:43  Overlord  
  31  2:45  Drone  
  31  2:49  Drone x2  
  34  2:55  Drone  
  35  3:03  Overlord, Drone  
  36  3:06  Queen  
  36  3:11  Drone x3  
  41  3:14  Drone  
  41  3:19  Overlord  
  42  3:23  Drone x2  
  42  3:25  Drone  
  45  3:28  Zergling x2  
  45  3:33  Spore Crawler  
  45  3:34  Zergling x2  
  45  3:40  Queen  
  48  3:42  Spore Crawler  
  48  3:48  Drone x6  
  52  3:55  Drone x4  
  57  4:09  Overlord x2  
  57  4:11  Drone x2, Extractor  
  57  4:13  Extractor  
  57  4:15  Spore Crawler  
  56  4:19  Drone x5  
  56  4:20  Drone x2  
  56  4:23  Zergling x4  
  64  4:35  Roach Warren, Zergling x2  
  64  4:36  Zergling x10  
  69  4:41  Lair  
  69  4:44  Overlord x2  
  69  4:54  Drone  
  69  4:55  Drone  
  69  4:56  Drone x3  
  74  5:00  Overlord x2  
  74  5:01  Overlord  
  74  5:03  Drone  
  74  5:04  Evolution Chamber  
  74  5:07  Drone x2  
  74  5:15  Roach x5  
  74  5:19  Roach x2  
  90  5:21  Roach  
  90  5:23  Roach  
  91  5:32  Roach x4  
  99  5:37  Zerg Missile Weapons Level 1  
  99  5:40  Roach x2  
  103  5:43  Extractor  
  103  5:47  Drone x6  
  108  5:54  Roach, Glial Reconstitution  
  110  6:05  Overlord x3  
  110  6:06  Drone  
  110  6:07  Drone x3, Extractor  
  110  6:08  Overseer  
  107  6:22  Drone x3, Extractor  
  100  6:34  Drone x3  
  100  6:35  Hatchery, Drone x2  
  100  6:38  Overlord x2, Hydralisk Den  
  99  6:43  Drone x2  
  99  6:44  Drone  
  99  6:45  Overlord x2  
  99  6:47  Roach x2  
  106  6:49  Queen  
  106  6:53  Roach x2  
  112  6:59  Overlord  
  112  7:01  Roach x2  
  112  7:02  Roach x2  
  112  7:04  Roach x2  
  112  7:05  Roach x2  
  112  7:08  Grooved Spines  
  128  7:13  Lurker Den  
  127  7:16  Roach  
  127  7:17  Roach x3, Extractor  
  134  7:29  Roach  
  140  7:30  Roach x7  
  120  7:52  Roach  
  120  7:53  Roach x8  
  120  7:58  Roach  
  130  8:18  Drone  
  130  8:19  Muscular Augments  
  131  8:20  Zerg Missile Weapons Level 2  
  131  8:23  Drone  
  131  8:24  Drone x3  
  131  8:26  Ravager x2  
  137  8:27  Ravager x2  
  118  8:50  Hydralisk x12  
  118  8:53  Hatchery  
  134  8:57  Pneumatized Carapace  
  131  9:06  Queen x2  
  130  9:10  Overlord x2  
  130  9:12  Drone x6  
  136  9:17  Overseer, Extractor  
  135  9:24  Hydralisk x2  
  137  9:40  Queen  
  133  9:56  Lurker x3  
  133  9:57  Lurker x2  
  133  9:58  Ravager  
  139  10:03  Hydralisk x8  
  139  10:05  Queen  
  157  10:09  Overlord  
  157  10:10  Overlord x3  
  157  10:12  Hydralisk x3  
  163  10:18  Hydralisk x3  
  169  10:30  Drone x8  
  169  10:32  Drone  
  176  10:44  Hydralisk x5  
  186  10:55  Lurker x2  
  186  10:56  Lurker x2  
  190  11:04  Hydralisk x5  
  200  11:11  Spore Crawler  
  200  11:17  Spine Crawler, Drone  
  199  11:19  Spine Crawler, Hatchery  
  199  11:20  Lurker x2  
  197  11:37  Hydralisk x8  
  169  11:49  Hydralisk x5  
  157  12:12  Hydralisk x10  
  161  12:22  Lurker x3  
  148  12:41  Lurker x4, Zergling x2  
  148  12:42  Zergling x22  
  160  12:53  Lurker x3  
  160  12:56  Overlord  
  163  13:00  Drone x5  
  163  13:01  Hydralisk x2  
  163  13:03  Hydralisk x2  
  163  13:04  Zergling x2  
  177  13:07  Extractor  
  177  13:08  Extractor  
  177  13:12  Infestation Pit  
  174  13:13  Drone  
  174  13:18  Hydralisk x4  
  183  13:21  Hydralisk x2, Zergling x2  
  183  13:22  Zergling x6  
  185  13:41  Hydralisk x8  
  171  13:46  Hydralisk x3  
  164  13:54  Hydralisk x3  
  147  14:02  Zergling x22  
  158  14:10  Hive  
  158  14:12  Spire  
  158  14:13  Drone  
  158  14:15  Drone  
  159  14:19  Hydralisk  
  159  14:20  Hydralisk  
  159  14:22  Lurker  
  159  14:23  Lurker x2  
  161  14:27  Hydralisk x2  
  161  14:28  Zergling x2  
  164  14:36  Hydralisk x2  
  164  14:37  Zergling x6  
  160  14:41  Lurker x2  
  160  14:47  Lurker x2  
  160  14:49  Hydralisk x2  
  164  15:01  Drone  
  164  15:02  Drone  
  166  15:14  Hatchery  
  166  15:16  Hydralisk x4  
  166  15:17  Hydralisk  
  166  15:18  Zergling x14  
  179  15:26  Greater Spire  
  179  15:27  Lurker x2  
  179  15:29  Zerg Missile Weapons Level 3  
  179  15:36  Adaptive Talons  
  179  15:42  Lurker x3  
  182  15:45  Lurker  
  182  15:46  Hydralisk  
  182  15:47  Hydralisk  
  182  15:48  Zergling x10  
  188  16:09  Hydralisk x6  
  200  16:14  Overseer  
  200  16:15  Overseer  
  200  16:18  Lurker  
  184  16:40  Corruptor x3  
  184  16:41  Corruptor x4  
  178  17:02  Hydralisk x12  
  179  17:08  Hydralisk  
  179  17:09  Hydralisk  
  179  17:21  Brood Lord  
  165  17:36  Extractor x2  
  138  17:40  Brood Lord x2  
  128  17:53  Brood Lord x2  
  126  18:01  Brood Lord  
  125  18:06  Zergling x16  
  128  18:16  Brood Lord  
  127  18:28  Zergling x16  
  127  18:33  Zergling x4  
  99  19:05  Hydralisk Den  
  94  19:19  Hatchery  
  93  19:28  Hatchery  
  92  19:33  Corruptor x2  
  95  19:49  Hydralisk x2  
  95  19:51  Hydralisk  
  101  19:53  Lurker  
  89  20:34  Hydralisk x3  
  93  20:53  Extractor x2  
  91  21:04  Brood Lord  
  93  21:05  Lurker  
  93  21:08  Drone x3  
  97  21:16  Extractor  
  96  21:24  Hatchery  
  95  21:26  Overseer  
  95  21:29  Spore Crawler  
  86  21:45  Brood Lord  
  88  21:47  Drone x3  
  88  21:52  Drone x4  
Tags
 
Add a new tag
Caveats
  • Supply blocks, unpowered buildings, or Contaminate may cause inaccurate times.
  • Supply counts are checked every 10 seconds.